 Dungeon Crawl Stone Soup version 0.22-a0-274-gf8199ec (webtiles) character file.

184705 RoseArtemis the Warrior (level 17, -8/163 HPs)
             Began as a Minotaur Fighter on Mar 14, 2018.
             Was the Champion of Okawaru.
             Shot with a bolt by a naga sharpshooter (15 damage)
             ... on level 3 of the Snake Pit.
             The game lasted 02:32:08 (44510 turns).

RoseArtemis the Warrior (Minotaur Fighter)         Turns: 44510, Time: 02:32:09

Health: -8/163     AC: 22    Str: 26    XL:     17   Next: 39%
Magic:  22/22      EV: 16    Int:  9    God:    Okawaru [******]
Gold:   1868       SH:  0    Dex: 16    Spells: 24/24 levels left

rFire    + . .     SeeInvis .   a - +2 halberd (venom)
rCold    + . .     Gourm    .   (shield currently unavailable)
rNeg     + + .     Faith    .   T - +1 plate armour {rF+}
rPois    .         Spirit   .   U - +2 hat of Demolaala {Str+5}
rElec    .         Reflect  .   e - scarf {cloud immunity}
rCorr    .         Harm     .   C - +0 pair of gloves
MR       ++...                  A - +1 pair of boots
Stlth    ..........             r - amulet of Cablaget {RegenMP +Fly rC+ rN+}
HPRegen  0.37/turn              w - ring "Gucaq" {rN+ Int+3}
MPRegen  0.43/turn              s - ring of protection from magic

@: no status effects
A: retaliatory headbutt, horns 2
}: 1/15 runes: decaying
a: Heroism, Finesse, Renounce Religion, Evoke Flight


You were on level 3 of the Snake Pit.
You worshipped Okawaru.
Okawaru was exalted by your worship.
You were near starving.

You visited 6 branches of the dungeon, and saw 31 of its levels.

You collected 3055 gold pieces.
You spent 1187 gold pieces at shops.

Inventory:

Hand Weapons
 a - a +2 halberd of venom (weapon)
Armour
 e - a scarf of cloud immunity (worn)
 A - a +1 pair of boots (worn)
 C - a +0 pair of gloves (worn)
 O - a +4 shield
 T - a +1 plate armour of fire resistance (worn)
 U - the +2 hat of Demolaala (worn) {Str+5}
   (Okawaru gifted it to you on level 2 of the Orcish Mines)

   It affects your strength (+5).
Jewellery
 g - an uncursed ring of protection from magic
 r - the amulet of Cablaget (around neck) {RegenMP +Fly rC+ rN+}
   (You took it off an orc wizard on level 9 of the Dungeon)

   [amulet of magic regeneration]

   It increases your magic regeneration.
   It protects you from cold.
   It protects you from negative energy.
   It lets you fly.
 s - a ring of protection from magic (right hand)
 w - the ring "Gucaq" (left hand) {rN+ Int+3}
   (You found it on level 4 of the Lair of Beasts)

   [ring of intelligence]

   It affects your intelligence (+3).
   It protects you from negative energy.
 H - an uncursed amulet of the acrobat {unknown}
 J - an uncursed ring of resist corrosion
 N - an uncursed ring of ice
 V - an uncursed ring of stealth
Wands
 c - a wand of acid (18)
 u - a wand of polymorph (36)
 v - a wand of paralysis (89)
 x - a wand of flame (13)
 P - a wand of iceblast (15)
 Z - a wand of disintegration (16)
Scrolls
 b - a scroll of acquirement {unknown}
 d - 3 scrolls of fog
 i - 2 scrolls of enchant armour
 j - 15 scrolls of teleportation
 m - 3 scrolls of identify
 p - 2 scrolls of enchant weapon
 t - a scroll of silence
 y - 16 scrolls of remove curse
 z - 7 scrolls of magic mapping
 K - 2 scrolls of fear
 Q - a scroll of holy word
 S - a scroll of summoning
Potions
 k - a potion of magic
 l - 3 potions of brilliance
 n - a potion of haste
 q - 10 potions of flight
 B - 2 potions of might
 D - 2 potions of cancellation
 F - 2 potions of resistance
 G - 3 potions of ambrosia
 I - 3 potions of invisibility
 L - a potion of lignification
 R - 3 potions of agility
Comestibles
 f - 35 rations


   Skills:
 + Level 17.8 Fighting
 + Level 14.2 Polearms
   Level 10.4 Slings
 * Level 12.2 Armour
 + Level 13.9 Dodging
 + Level 15.7 Shields
 - Level 4.0 Spellcasting
   Level 4.0 Hexes
 - Level 8.0 Invocations


You had 24 spell levels left.
You didn't know any spells.

Dungeon Overview and Level Annotations

Branches:
Dungeon (15/15)            Temple (1/1) D:7            Lair (6/6) D:11
  Swamp (4/4) Lair:3        Snake (3/4) Lair:4        Slime (0/5) Lair:5
    Orc (2/2) D:12            Elf (0/3) Orc:2        Vaults (0/5) D:14
 Depths (0/5) D:15

Altars:
Ashenzari
Cheibriados
Dithmenos
Elyvilon
Fedhas
Gozag
Hepliaklqana
Kikubaaqudgha
Makhleb
Nemelex Xobeh
Okawaru
Qazlal
Ru
Sif Muna
Trog
Uskayaw
Vehumet
Wu Jian
Xom
Yredelemnul
Zin
The Shining One
Beogh
Jiyva

Shops:
D:5 ?   D:7 %   D:8 (   D:9 [   Orc:1 ==}[   Orc:2 ((%[

Annotations:
D:9 2 exclusions
Lair:5 exclusion: 3 oklob plants


Innate Abilities, Weirdness & Mutations

You reflexively headbutt those who attack you in melee.
You have a pair of horns on your head.


Message History

You kill the naga sharpshooter!
Okawaru accepts your kill.
You feel sick.
The naga sharpshooter shoots a bolt.
The bolt misses you.
The naga sharpshooter shoots an arrow.
The arrow hits you!
* * * LOW HITPOINT WARNING * * *
You hear a shout!
You hit the naga sharpshooter. You headbutt the naga sharpshooter.
The naga sharpshooter is lightly wounded.
* * * LOW HITPOINT WARNING * * *
You feel sick.
The naga sharpshooter shoots a bolt.
The bolt closely misses you.
You feel better.
The naga sharpshooter gestures wildly while chanting.
The naga sharpshooter magically shoots an arrow.
The arrow hits you!
* * * LOW HITPOINT WARNING * * *
The naga sharpshooter spits poison at you.
The splash of poison misses you.
The naga sharpshooter shoots a bolt.
The bolt hits you!
You die...

#.......... .#
#.........#.# ..#
#.........#.#
##..#.
............#
###..N...
#...........#
#...S...#
#...........#####N#
#......)......##N)#
#[.........##.##((#
##.........##..(@(#
##......#####).(##
#....>## #.....#
#...(#####.(((##
#..#(?).[)(<#.##
####..
###......##.###..#
##....#
.!........#.#
##.#######.....#
.......##.#.#
#.......#.....#
.).....##...#
#.............#


You could see 2 naga sharpshooters.

Vanquished Creatures
  Vashnia (Snake:2)
  A bone dragon (Swamp:4)
  Frances (D:12)
  5 thorn hunters
  A nagaraja (Snake:3)
  An orc warlord (Orc:2)
  A very ugly thing (Swamp:3)
  The ghost of varam the Grappler, a journeyman TrMo of Okawaru (Lair:4)
  Josephine (D:11)
  The ghost of Arum the Nimble, a journeyman GnWn of Ru (D:12)
  A yaktaur captain (D:15)
  4 vault guards (D:14)
  Erolcha (D:11)
  2 naga warriors
  3 ghost crabs
  15 hydras
  2 centaur warriors
  A merfolk avatar (Lair:6)
  Erica (D:11)
  5 anacondas
  4 two-headed ogres
  2 alligators (Swamp:4)
  2 tengu warriors
  Urug (D:10)
  Nergalle (Orc:1)
  4 orc high priests (Orc:2)
  2 shock serpents
  12 naga sharpshooters
  A salamander mystic (Snake:3)
  A sea snake (Lair:6)
  A death drake (Swamp:4)
  4 spectral hydras (Swamp:4)
  4 unseen horrors
  A spriggan druid (Swamp:2)
  5 swamp dragons
  2 shambling mangroves (Swamp:1)
  3 naga ritualists
  2 phantasmal warriors (Swamp:4)
  A harpy (Lair:6)
  A deep elf mage (D:9)
  4 orc knights
  5 salamanders
  4 orc sorcerers
  A wolf spider zombie (D:14)
  4 mana vipers (Snake:1)
  11 ugly things
  2 manticores
  6 cyclopes
  Maurice (Orc:1)
  4 centaur zombies
  Psyche (D:11)
  4 naga magi
  An ice statue (Lair:5)
  3 gargoyles (D:14)
  6 elephants (Lair:6)
  17 black mambas
  5 rime drakes
  A yaktaur (D:15)
  2 kobold demonologists (D:11)
  19 spiny frogs
  5 swamp worm zombies (Swamp:4)
  4 komodo dragons
  A freezing wraith (Lair:5)
  A komodo dragon (shapeshifter) (D:14)
  A tengu conjurer (D:15)
  4 hydra zombies (Swamp:4)
  A queen bee (shapeshifter) (D:14)
  4 trolls
  6 polar bears
  12 bog bodies
  Prince Ribbit (D:7)
  Grinder (D:3)
  4 tyrant leeches
  13 hornets
  2 wind drakes (Lair:6)
  13 slime creatures
  6 blink frogs
  A spectral swamp dragon (Swamp:4)
  8 hippogriffs
  2 shadows
  8 redbacks (Snake:1)
  6 wyverns
  4 spriggans
  A vampire (D:10)
  6 wraiths
  60 yaks
  9 basilisks
  A hungry ghost (D:7)
  22 vampire mosquitoes
  28 nagas
  19 swamp worms
  18 insubstantial wisps
  3 wargs
  An acid dragon (D:9)
  Duvessa (D:4)
  11 water moccasins
  43 orc warriors
  6 porcupines
  13 ice beasts
  A sky beast (D:12)
  11 swamp drakes
  4 eyes of draining
  20 ogres
  7 phantoms
  3 swamp dragon zombies (Swamp:4)
  17 wolves
  The ghost of 4thArraOfDagon the Chopper, an amateur FoWr (D:4)
  6 centaurs
  9 crocodiles
  6 big kobolds
  14 bullfrogs
  4 gnoll sergeants
  Dowan (D:4)
  3 scorpions
  16 wights
  3 electric eels
  7 howler monkeys
  9 crimson imps
  A quasit (D:8)
  2 bullfrog zombies
  19 orc priests
  6 centaur skeletons
  6 hounds
  2 jellies
  23 orc wizards
  2 bullfrog skeletons
  2 iguanas
  Jessica (D:3)
  12 worker ants
  Natasha (thrice) (D:3)
  A spectral swamp drake (Swamp:4)
  A killer bee zombie (D:9)
  A hound skeleton (D:8)
  A worker ant zombie (D:6)
  19 gnolls
  2 swamp drake zombies (Swamp:4)
  18 adders
  2 shadow imps
  5 white imps
  2 oozes
  3 adder zombies
  2 worms
  4 dart slugs
  10 leopard geckos
  104 orcs
  6 giant cockroaches
  4 goblins
  5 hobgoblins
  7 jackals (D:6)
  36 kobolds
  5 quokkas
  3 ball pythons
  6 bats
  7 frilled lizards
  2 jackal skeletons
  A quokka zombie (D:9)
  5 rats
  6 briar patches
1043 creatures vanquished.

Vanquished Creatures (others)
  An unseen horror (D:11)
  An orc sorcerer (Orc:2)
  A troll (D:11)
  A tyrant leech (Swamp:3)
  A bog body (Swamp:4)
  A swamp worm (Swamp:3)
  A phantom (Swamp:4)
  An orc wizard (Orc:1)
  An orc (Orc:2)
  20 briar patches
  11 fungi
  7 plants
47 creatures vanquished.

Grand Total: 1090 creatures vanquished

Notes
Turn   | Place    | Note
-------+----------+-------------------------------------------
     0 | D:1      | RoseArtemis the Minotaur Fighter began the quest for the Orb.
     0 | D:1      | Reached XP level 1. HP: 19/19 MP: 0/0
   226 | D:1      | Reached XP level 2. HP: 27/27 MP: 1/1
   757 | D:2      | Reached skill level 4 in Fighting
   757 | D:2      | Reached XP level 3. HP: 21/33 MP: 2/2
  1570 | D:3      | Reached XP level 4. HP: 40/40 MP: 3/3
  1614 | D:3      | Noticed Natasha
  1619 | D:3      | Killed Natasha
  1680 | D:3      | Noticed Jessica
  1686 | D:3      | Killed Jessica
  1852 | D:3      | Noticed Natasha
  1875 | D:3      | Killed Natasha
  1875 | D:3      | Reached XP level 5. HP: 40/47 MP: 4/4
  1936 | D:3      | Noticed Natasha
  1943 | D:3      | Killed Natasha
  2176 | D:3      | Noticed Grinder
  2187 | D:3      | Paralysed by Grinder for 4 turns
  2194 | D:3      | Killed Grinder
  2194 | D:3      | Reached skill level 5 in Fighting
  2194 | D:3      | Reached skill level 5 in Polearms
  2194 | D:3      | Reached skill level 5 in Armour
  2194 | D:3      | Reached skill level 5 in Shields
  2194 | D:3      | Reached XP level 6. HP: 45/56 MP: 5/5
  2276 | D:3      | Found a glowing silver altar of Zin.
  2606 | D:3      | Found a shimmering altar of Xom.
  2853 | D:4      | Noticed 4thArraOfDagon's ghost (amateur FoWr)
  3047 | D:4      | Reached XP level 7. HP: 44/61 MP: 6/6
  3070 | D:4      | Noticed Duvessa
  3077 | D:4      | Noticed Dowan
  3260 | D:4      | Killed Duvessa
  3276 | D:4      | Killed Dowan
  3413 | D:4      | Found a radiant altar of Vehumet.
  3618 | D:4      | Killed 4thArraOfDagon's ghost
  3618 | D:4      | Reached skill level 6 in Fighting
  3786 | D:4      | Found a hide-covered altar of Uskayaw.
  4209 | D:5      | Entered Level 5 of the Dungeon
  4235 | D:5      | Reached XP level 8. HP: 48/70 MP: 7/7
  4558 | D:5      | Found an opulent altar of Gozag.
  4609 | D:5      | Found a sacrificial altar of Ru.
  5362 | D:5      | Found a white marble altar of Elyvilon.
  5431 | D:5      | Found Liduof's Magic Scroll Shop.
  5437 | D:5      | Bought a scroll of remove curse for 30 gold pieces
  5437 | D:5      | Bought a scroll of identify for 20 gold pieces
  5437 | D:5      | Bought a scroll of identify for 20 gold pieces
  5437 | D:5      | Bought a scroll of identify for 20 gold pieces
  5437 | D:5      | Bought a scroll of identify for 20 gold pieces
  5437 | D:5      | Bought a scroll of magic mapping for 35 gold pieces
  5437 | D:5      | Bought a scroll of identify for 20 gold pieces
  5437 | D:5      | Bought a scroll of remove curse for 30 gold pieces
  5437 | D:5      | Bought a scroll of magic mapping for 35 gold pieces
  5685 | D:6      | Found a stormy altar of Qazlal.
  5805 | D:6      | Found a sparkling altar of Nemelex Xobeh.
  5823 | D:6      | Reached skill level 7 in Fighting
  6093 | D:6      | Reached XP level 9. HP: 33/79 MP: 4/8
  6416 | D:6      | Found a blossoming altar of Fedhas.
  6431 | D:6      | Found a stormy altar of Qazlal.
  6605 | D:6      | Found a deep blue altar of Sif Muna.
  6692 | D:6      | Found a glowing golden altar of the Shining One.
  6813 | D:7      | Found Qiffigimug's Food Shoppe.
  6833 | D:7      | Noticed Prince Ribbit
  6837 | D:7      | Killed Prince Ribbit
  6848 | D:7      | Reached skill level 10 in Polearms
  6916 | D:7      | Found a staircase to the Ecumenical Temple.
  6972 | D:7      | Reached skill level 8 in Fighting
  6980 | Temple   | Entered the Ecumenical Temple
  7191 | Temple   | Became a worshipper of Warmaster Okawaru
  8167 | D:8      | Found a hazy altar of Hepliaklqana.
  8178 | D:8      | Reached * piety under Okawaru
  8187 | D:8      | Reached XP level 10. HP: 90/90 MP: 1/9
  8315 | D:8      | Found a deep blue altar of Sif Muna.
  8570 | D:8      | Found Zynykh's Antique Weapon Shoppe.
  8573 | D:8      | Bought a shimmering hunting sling for 143 gold pieces
  8573 | D:8      | Identified the +8 hunting sling of Kismet {freeze, rN+ Int+2} (You bought it in a shop on level 8 of the Dungeon)
  8932 | D:9      | Found a snail-covered altar of Cheibriados.
  9301 | D:9      | Noticed a two-headed ogre
  9302 | D:9      | Noticed a cyclops
  9304 | D:9      | Noticed a deep elf mage
  9464 | D:9      | Reached skill level 9 in Fighting
  9488 | D:9      | Found Gyah's Antique Armour Shop.
  9531 | D:9      | Found an ornate altar of the Wu Jian Council.
  9629 | D:9      | Killed a two-headed ogre
  9629 | D:9      | Reached ** piety under Okawaru
  9826 | D:9      | Killed a cyclops
  9874 | D:9      | Reached *** piety under Okawaru
  9913 | D:9      | Killed a deep elf mage
 10109 | D:10     | Entered Level 10 of the Dungeon
 10136 | D:9      | Got a bound jade amulet
 10296 | D:10     | Noticed Urug
 10318 | D:10     | Killed Urug
 10569 | D:10     | Killed an unseen horror
 10569 | D:10     | Reached **** piety under Okawaru
 10569 | D:10     | Reached XP level 11. HP: 51/99 MP: 7/10
 10820 | D:10     | Reached skill level 10 in Shields
 10839 | D:10     | Reached skill level 10 in Fighting
 11094 | D:10     | Found a shadowy altar of Dithmenos.
 11107 | D:10     | Reached skill level 10 in Armour
 11333 | D:10     | Killed an unseen horror
 11599 | D:10     | Reached ***** piety under Okawaru
 12059 | D:11     | Noticed Psyche
 12180 | D:11     | Killed Psyche
 12303 | D:11     | Noticed Erolcha
 12312 | D:11     | Killed Erolcha
 12515 | D:11     | Noticed a red ugly thing
 12516 | D:11     | Noticed a cyan ugly thing
 12523 | D:11     | Noticed a sun demon
 12528 | D:11     | Killed a red ugly thing
 12541 | D:11     | Noticed Erica
 12846 | D:11     | Received a gift from Okawaru
 12877 | D:11     | Reached skill level 11 in Fighting
 12891 | D:11     | Noticed Josephine
 12903 | D:11     | Killed an unseen horror
 13677 | D:11     | Noticed a two-headed ogre
 13683 | D:11     | Killed a two-headed ogre
 13683 | D:11     | Received a gift from Okawaru
 13683 | D:11     | Reached XP level 12. HP: 97/111 MP: 9/11
 13786 | D:11     | Killed Josephine
 13786 | D:11     | Reached skill level 12 in Fighting
 14162 | D:11     | Killed Erica
 14175 | D:11     | Found a staircase to the Lair.
 14298 | Lair:1   | Entered Level 1 of the Lair of Beasts
 15073 | Lair:1   | Reached skill level 13 in Fighting
 15453 | D:8      | Bought a runed bardiche for 264 gold pieces
 15694 | Lair:1   | Reached skill level 1 in Invocations
 15745 | Lair:1   | Identified the amulet of Cablaget {RegenMP +Fly rC+ rN+} (You took it off an orc wizard on level 9 of the Dungeon)
 15767 | Lair:1   | Reached skill level 1 in Slings
 17371 | Lair:2   | Received a gift from Okawaru
 17857 | Lair:2   | Reached XP level 13. HP: 117/122 MP: 15/15
 18338 | Lair:3   | Reached skill level 5 in Invocations
 18526 | Lair:3   | Found a staircase to the Swamp.
 18977 | Lair:4   | Noticed varam's ghost (journeyman TrMo)
 19008 | Lair:4   | Killed varam's ghost
 19008 | Lair:4   | Reached ****** piety under Okawaru
 19379 | Lair:4   | Reached skill level 14 in Fighting
 19606 | Lair:4   | Got a scorched brass ring
 19658 | Lair:4   | Found a staircase to the Snake Pit.
 19786 | Lair:4   | Reached skill level 5 in Slings
 19796 | Lair:4   | Received a gift from Okawaru
 19799 | Lair:4   | Got a crude scale mail {god gift}
 19989 | Lair:4   | Identified the +3 scale mail of Light {rElec} (Okawaru gifted it to you on level 4 of the Lair of Beasts)
 20260 | Lair:4   | Learned a level 1 spell: Confusing Touch
 20264 | Lair:4   | Learned a level 3 spell: Confuse
 20929 | Lair:5   | Reached skill level 1 in Spellcasting
 20936 | Lair:5   | Reached skill level 1 in Hexes
 21049 | Lair:5   | Found a staircase to the Slime Pits.
 21050 | Lair:5   | Found a viscous altar of Jiyva.
 21604 | Lair:5   | Got an amber-encrusted leather armour
 21615 | Lair:5   | Identified the cursed +0 leather armour of the Ecumenical Temple {Regen+ Int+2} (You found it on level 5 of the Lair of Beasts)
 21631 | Lair:6   | Entered Level 6 of the Lair of Beasts
 22270 | Lair:6   | Paralysed by a hornet for 1 turns
 22778 | Lair:6   | Reached skill level 15 in Shields
 22850 | Lair:6   | Reached XP level 14. HP: 91/133 MP: 16/16
 23352 | Lair:6   | Received a gift from Okawaru
 23353 | Lair:6   | Got an ichor-stained hand crossbow {god gift}
 23354 | Lair:6   | Identified the +2 hand crossbow "Pischik" {speed, rN+ MR+ Int+3 Stlth+} (Okawaru gifted it to you on level 6 of the Lair of Beasts)
 24360 | D:10     | Identified the ring "Gucaq" {rN+ Int+3} (You found it on level 4 of the Lair of Beasts)
 24531 | D:12     | Found a staircase to the Orcish Mines.
 24674 | D:12     | Reached skill level 1 in Dodging
 24723 | D:12     | Noticed Arum's ghost (journeyman GnWn)
 24750 | D:12     | Killed Arum's ghost
 24750 | D:12     | Reached skill level 15 in Fighting
 25042 | D:12     | Noticed Frances
 25080 | D:12     | Killed Frances
 25977 | Orc:1    | Entered Level 1 of the Orcish Mines
 25993 | Orc:1    | Noticed Nergalle
 25994 | Orc:1    | Noticed Maurice
 26277 | Orc:1    | Killed Maurice
 26299 | Orc:1    | Killed Nergalle
 26299 | Orc:1    | Received a gift from Okawaru
 26416 | Orc:1    | Found Ucel Faaty's Gadget Shoppe.
 26466 | Orc:1    | Found Uzebamumm's Jewellery Boutique.
 26528 | Orc:1    | Found Penlupell's Antique Armour Shop.
 26535 | Orc:1    | Bought a faintly glowing large shield for 180 gold pieces
 26545 | Orc:1    | Identified the +4 large shield of Raorgh {-Tele rElec rF+++ Int-4} (You bought it in a shop on level 1 of the Orcish Mines)
 26746 | Orc:1    | Found Qeawkase's Jewellery Emporium.
 27176 | Orc:2    | Entered Level 2 of the Orcish Mines
 27176 | Orc:2    | Found a staircase to the Elven Halls.
 27421 | Orc:2    | Found a roughly hewn altar of Beogh.
 27528 | Orc:2    | Found a roughly hewn altar of Beogh.
 27544 | Orc:2    | Reached skill level 5 in Dodging
 27549 | Orc:2    | Found Ivaiwkab's Antique Weapon Shop.
 28051 | Orc:2    | Noticed an orc warlord
 28094 | Orc:2    | Killed an orc warlord
 28094 | Orc:2    | Received a gift from Okawaru
 28116 | Orc:2    | Paralysed by an orc sorcerer for 6 turns
 28400 | Orc:2    | Found Zaevvug's Antique Weapon Shoppe.
 28400 | Orc:2    | Found a roughly hewn altar of Beogh.
 28416 | Orc:2    | Received a gift from Okawaru
 28421 | Orc:2    | Got a distressingly furry hat {god gift}
 28427 | Orc:2    | Identified the +2 hat of Demolaala {Str+5} (Okawaru gifted it to you on level 2 of the Orcish Mines)
 28487 | Orc:2    | Found Deoreume's Antique Armour Emporium.
 28591 | Orc:2    | Found a roughly hewn altar of Beogh.
 28736 | Orc:2    | Found a roughly hewn altar of Beogh.
 28760 | Orc:2    | Found Exynozosch's Food Shop.
 29247 | D:13     | Reached XP level 15. HP: 137/141 MP: 20/20
 30136 | D:14     | Found a gate to the Vaults.
 30824 | D:15     | Entered Level 15 of the Dungeon
 31351 | D:15     | Found a staircase to the Depths.
 31368 | D:15     | Received a gift from Okawaru
 31369 | D:15     | Got a slimy hunting sling {god gift}
 31370 | D:15     | Identified the +7 hunting sling "Gawojode" {flame, *Drain rElec MR++ Int+4} (Okawaru gifted it to you on level 15 of the Dungeon)
 32146 | Swamp:1  | Entered Level 1 of the Swamp
 32561 | Swamp:1  | Reached skill level 16 in Fighting
 32599 | Swamp:1  | Noticed a thorn hunter
 32630 | Swamp:1  | Killed a thorn hunter
 32630 | Swamp:1  | Reached skill level 10 in Slings
 32885 | Swamp:1  | Received a gift from Okawaru
 32885 | Swamp:1  | Reached skill level 10 in Dodging
 33363 | Swamp:1  | Noticed a thorn hunter
 33425 | Swamp:1  | Killed a thorn hunter
 34141 | Swamp:2  | Received a gift from Okawaru
 34410 | Swamp:2  | Reached XP level 16. HP: 132/151 MP: 21/21
 34798 | Swamp:2  | Received a gift from Okawaru
 35270 | Orc:2    | Bought a glowing trident for 162 gold pieces
 35327 | Orc:2    | Bought a runed trident for 208 gold pieces
 36673 | Swamp:4  | Entered Level 4 of the Swamp
 36681 | Swamp:4  | Paralysed by a hornet for 2 turns
 36709 | Swamp:4  | Received a gift from Okawaru
 37055 | Swamp:4  | HP: 7/152 [alligator (15)]
 37693 | Swamp:4  | Noticed a thorn hunter
 37711 | Swamp:4  | Killed a thorn hunter
 37861 | Swamp:4  | Reached skill level 17 in Fighting
 37939 | Swamp:4  | Received a gift from Okawaru
 37956 | Swamp:4  | Got a brightly glowing plate armour {god gift}
 37966 | Swamp:4  | Noticed a bone dragon
 37970 | Swamp:4  | Identified the +0 plate armour of Incorporation {+Fly Dex+6} (Okawaru gifted it to you on level 4 of the Swamp)
 38000 | Swamp:4  | Killed a bone dragon
 38123 | Swamp:4  | Got a pair of fine boots
 38124 | Swamp:4  | Identified the +0 pair of boots "Romm" {-Tele +Inv rPois Int+2} (You found it on level 4 of the Swamp)
 38134 | Swamp:4  | Noticed a thorn hunter
 38162 | Swamp:4  | Killed a thorn hunter
 38635 | Swamp:4  | Noticed a thorn hunter
 38654 | Swamp:4  | Killed a thorn hunter
 38684 | Swamp:4  | Got a decaying rune of Zot
 38865 | Snake:1  | Entered Level 1 of the Snake Pit
 39814 | Snake:1  | Reached XP level 17. HP: 156/162 MP: 18/22
 40298 | Snake:2  | Received a gift from Okawaru
 40336 | Snake:2  | Noticed Vashnia
 41849 | Snake:2  | Killed Vashnia
 41849 | Snake:2  | Received a gift from Okawaru
 42174 | Snake:3  | Received a gift from Okawaru
 43883 | Snake:3  | Received a gift from Okawaru
 44507 | Snake:3  | HP: 7/163 [naga sharpshooter/arrow (13)]
 44510 | Snake:3  | Shot with a bolt by a naga sharpshooter

Vault maps used:
D:1:      minmay_arrival_stone_box, minmay_domino_4
D:3:      marbit_many_paths, tgw_xom, uniq_natasha, uniq_grinder, uniq_jessica
D:4:      vehumet_altar_wand_db, eat_drink_and_be_merry_uskayaw, first_ration,
          uniq_duvessa
D:5:      kennysheep_little_box, grunt_gozag_statues, kennysheep_mini,
          serial_shops, shop_fountains, minmay_misc_feat_iff,
          minmay_fire_ice_demons
D:6:      grunt_temple_overflow_forces_of_nature, kennysheep_mini_moat,
          nemelex_xobeh_ov_fountains_minmay, basic_altar,
          nicolae_tso_carved_into_rock
D:7:      minmay_temple_entry_grid, the_bakery,
          nicolae_shop_scaring_up_business, due_unseen_surprise,
          uniq_prince_ribbit1
D:8:      lemuel_round_altar, serial_shops, nicolae_shop_crystal, basic_altar,
          kennysheep_generic_room_15
D:9:      slow_altar_2, lemuel_crystal_altar, serial_shops, shop,
          minmay_diamond_spiral
D:10:     grunt_dithmenos_smoke, uniq_urug
D:11:     lair_entry_dummy, lab_entry_generic, uniq_erolcha, uniq_psyche,
          uniq_josephine, uniq_erica
D:12:     david_orc_2, uniq_frances
D:14:     lightli_vaults_fourway_checkpoint, dk_noncrumbling_4,
          lightli_fourway_metalbox
D:15:     grunt_enter_depths_snipers, st_stairs_8, spider_trap, abandoned_shop
Temple:   compressed_dpeg_triangle_lava_temple
Lair:1:   serial_bayou_shore_a
Lair:2:   st_stairs_6, lemuel_fruit_tree, infiniplex_staircase_pool_2
Lair:3:   minmay_swamp_entry_swarm
Lair:4:   minmay_snake_entry_guardpost_large
Lair:5:   slime_altar_1, ice2_lemuel, minmay_lair_oklob_chamber
Lair:6:   gammafunk_lair_ancient_temple, lemuel_fruit_fields
Swamp:1:  evilmike_swamp_ruin_house_4, infiniplex_staircase_pool
Swamp:2:  evilmike_swamp_ruin_rubble_2
Swamp:3:  evilmike_swamp_ruin_house_2, swamp_pool3
Swamp:4:  swamp_pestilence, swamp_pool2, hangedman_swamp_pad
Snake:1:  spider_trap, grunt_ministairs_6
Snake:2:  uniq_vashnia
Orc:1:    serial_shops, shop, shop, shop, shop, nicolae_orc_lava_tube,
          uniq_maurice, uniq_nergalle
Orc:2:    grunt_orc_community_town_hall, grunt_orc_community_big_house_2,
          grunt_orc_community_big_house_2, grunt_orc_community_house_1,
          grunt_orc_community_house_2, grunt_orc_community_house_2,
          grunt_orc_community_house_1, grunt_orc_community_house_1

Skill      XL: |  1  2  3  4  5  6  7  8  9 10 11 12 13 14 15 16 17 |
---------------+----------------------------------------------------+-----
Polearms       | 3 4 5 6 7 9 11 12 14 | 14.2
Fighting       | 4 5 6 7 8 9 11 13 14 15 16 17 | 17.8
Armour         | 4 5 6 7 8 9 10 11 12 | 12.2
Shields        | 4 5 6 7 8 9 11 13 15 | 15.7
Invocations    | 4 5 7 8 |  8.0
Slings         | 3 6 8 10 | 10.4
Spellcasting   | 2 4 |  4.0
Hexes          | 2 4 |  4.0
Dodging        | 6 10 13 | 13.9

Action                   |  1- 3 |  4- 6 |  7- 9 | 10-12 | 13-15 | 16-18 || total
-------------------------+-------+-------+-------+-------+-------+-------++-------
Melee: Trident           |    99 |   124 |   490 |   798 |  2276 |  1147 ||  4934
       Headbutt          |     7 |    16 |    76 |   206 |   625 |   371 ||  1301
       Unarmed           |       |    10 |       |       |       |       ||    10
       Hunting sling     |       |       |       |     2 |       |       ||     2
       Halberd           |       |       |       |       |       |   138 ||   138
 Fire: Hunting sling     |       |       |       |   170 |   150 |       ||   320
Invok: Heroism           |       |       |       |       |    11 |     5 ||    16
       Finesse           |       |       |       |       |     1 |     5 ||     6
  Use: Scroll            |     5 |       |    15 |    10 |    20 |    10 ||    60
       Potion            |       |     1 |     1 |     5 |    10 |     9 ||    26
 Stab: Distracted        |       |     1 |       |       |       |       ||     1
  Eat: Chunk             |     2 |     5 |    20 |    27 |    36 |     9 ||    99
       Ration            |       |       |       |     1 |     8 |     8 ||    17
Armor: Scale mail        |    33 |    37 |    90 |   127 |       |       ||   287
       Skin              |       |     2 |       |     4 |       |       ||     6
       Plate armour      |       |       |       |   121 |   655 |   354 ||  1130
Dodge: Dodged            |    18 |    24 |    68 |   127 |   362 |   414 ||  1013
Block: Shield            |    41 |    43 |   161 |   434 |  1313 |   797 ||  2789
       Large shield      |       |       |       |       |   440 |       ||   440

Table legend:
 A = Spawn XP
 B = Non-spawn XP
 C = Spawn XP percentage of total XP
 D = Spawn monster count
 E = Non-spawn monster count
 F = Spawn count percentage of total count
 G = Total turns spent on level
                    A         B        C        D         E        F      G
               +---------+---------+-------+---------+---------+-------+---------
         Total |       0 |  245293 |   0.0 |       0 |    1044 |   0.0 | 44510
               +---------+---------+-------+---------+---------+-------+---------
           D:1 |       0 |      16 |   0.0 |       0 |       8 |   0.0 |   628
           D:2 |       0 |      76 |   0.0 |       0 |      20 |   0.0 |  1039
           D:3 |       0 |     547 |   0.0 |       0 |      34 |   0.0 |  1487
           D:4 |       0 |     732 |   0.0 |       0 |      31 |   0.0 |  1189
           D:5 |       0 |     838 |   0.0 |       0 |      19 |   0.0 |  1389
           D:6 |       0 |    1100 |   0.0 |       0 |      41 |   0.0 |  1068
           D:7 |       0 |    1616 |   0.0 |       0 |      20 |   0.0 |   846
           D:8 |       0 |     946 |   0.0 |       0 |      18 |   0.0 |  1175
           D:9 |       0 |    3846 |   0.0 |       0 |      47 |   0.0 |  1240
          D:10 |       0 |    6077 |   0.0 |       0 |      48 |   0.0 |  2653
          D:11 |       0 |   10947 |   0.0 |       0 |      51 |   0.0 |  2882
          D:12 |       0 |   11225 |   0.0 |       0 |      52 |   0.0 |  1642
          D:13 |       0 |    5959 |   0.0 |       0 |      28 |   0.0 |   867
          D:14 |       0 |   16694 |   0.0 |       0 |      46 |   0.0 |  1192
          D:15 |       0 |   11392 |   0.0 |       0 |      20 |   0.0 |   983
        Lair:1 |       0 |    6890 |   0.0 |       0 |      27 |   0.0 |  1631
        Lair:2 |       0 |    6644 |   0.0 |       0 |      36 |   0.0 |  1508
        Lair:3 |       0 |    3014 |   0.0 |       0 |      17 |   0.0 |  1470
        Lair:4 |       0 |    5659 |   0.0 |       0 |      25 |   0.0 |  1341
        Lair:5 |       0 |    6983 |   0.0 |       0 |      35 |   0.0 |  1799
        Lair:6 |       0 |   15568 |   0.0 |       0 |      45 |   0.0 |  1854
       Swamp:1 |       0 |   13878 |   0.0 |       0 |      30 |   0.0 |  1880
       Swamp:2 |       0 |    8744 |   0.0 |       0 |      22 |   0.0 |   985
       Swamp:3 |       0 |   10936 |   0.0 |       0 |      32 |   0.0 |  1000
       Swamp:4 |       0 |   30573 |   0.0 |       0 |      75 |   0.0 |  2083
       Snake:1 |       0 |   18820 |   0.0 |       0 |      45 |   0.0 |  1656
       Snake:2 |       0 |   13539 |   0.0 |       0 |      12 |   0.0 |  3053
       Snake:3 |       0 |   13920 |   0.0 |       0 |      27 |   0.0 |   936
         Orc:1 |       0 |    4688 |   0.0 |       0 |      31 |   0.0 |   979
         Orc:2 |       0 |   13426 |   0.0 |       0 |     102 |   0.0 |  1825
               +---------+---------+-------+---------+---------+-------+---------
